 Dungeon Crawl Stone Soup version 0.31.0-11-ge490571c62 (webtiles) character file.

Game seed: 1397553870073556419

46 qw the Shooter (level 3, -8/20 HPs)
             Began as a Deep Elf Hunter on Feb 3, 2024.
             Mangled by Terence
             ... wielding a +0 flail
              (11 damage)
             ... on level 2 of the Dungeon.
             The game lasted 00:00:02 (981 turns).

qw the Shooter (Deep Elf Hunter)                     Turns: 981, Time: 00:00:03

Health: -8/20      AC:  5    Str: 10    XL:     3   Next: 44%
Magic:  5/5        EV: 11    Int: 13    God:
Gold:   47         SH:  0    Dex: 18    Spells: 2/2 levels left

rFire   . . .        a - +0 shortbow
rCold   . . .        (shield currently unavailable)
rNeg    . . .        h - +0 ring mail
rPois   .            (no helmet)
rElec   .            (no cloak)
rCorr   .            (no gloves)
SInv    .            (no boots)
Will    .....        (no amulet)
Stlth   +            (no ring)
HPRegen 0.23/turn    (no ring)
MPRegen 0.09/turn

%: no passive effects
@: no status effects
A: no striking features
a: no special abilities


You were on level 2 of the Dungeon.
You visited 1 branch of the dungeon, and saw 2 of its levels.

You collected 47 gold pieces.


   Skills:
 - Level 1.5 Fighting
 + Level 7.0 Ranged Weapons
 - Level 2.4 Dodging
 - Level 1.2 Stealth


You had 2 spell levels left.
You didn't know any spells.
Your spell library was empty.

Inventory:

Hand Weapons
 a - a +0 shortbow (weapon)
Armour
 h - a +0 ring mail (worn)
Scrolls
 b - 2 scrolls of enchant armour {unknown}
 d - a scroll of identify
Potions
 c - a potion of heal wounds {unknown}
 e - a potion of haste {unknown}
 f - 2 potions of curing

Dungeon Overview and Level Annotations

Branches:
Dungeon (2/15)

Altars:
Fedhas

Annotations:
D:2 Terence


Message History

You kill the adder!
Your Ranged Weapons skill increases to level 7!
f - 2 potions of curing (gained 1)
You see here a hobgoblin corpse.
You see here a hobgoblin corpse.
Found a blossoming altar of Fedhas.
Found 5 stones.
Found a stone staircase leading up.
You now have 47 gold pieces (gained 17).
Terence the Incautious comes into view.
He is wielding a +0 flail.
You shoot an arrow. The arrow hits Terence.
Terence shouts!
Terence is moderately wounded.
You hear a shout!
You shoot an arrow. The arrow closely misses Terence.
A kobold comes into view. It is wielding a +0 short sword.
You shoot an arrow. The arrow barely misses Terence.
You shoot an arrow.
The arrow hits Terence but does no damage.
Terence is moderately wounded.
You shoot an arrow.
The arrow hits Terence but does no damage.
Terence is moderately wounded.
Terence barely misses you.
You shoot an arrow. The arrow closely misses Terence.
The arrow closely misses the kobold.
Terence hits you with a +0 flail.
You shoot an arrow. The arrow hits Terence.
Terence is moderately wounded.
Terence hits you with a +0 flail.
You shoot an arrow. The arrow barely misses Terence.
The kobold barely misses you. Terence barely misses you.
Terence hits you with a +0 flail. The kobold closely misses you.
You shoot an arrow. The arrow barely misses Terence.
The kobold hits you but does no damage.
An endoplasm comes into view.
Terence hits you with a +0 flail!
Ouch! That really hurt!
You die...
Terence says, "Rest in peace."

#...##. J.... # #..####.
#...#.# #.## #..
####.#.#.###... #..
..........##.## #..
##........##.######..
#.##....................
.......@K....(......%...
#...@...........%####
#............###.....
#..........####......
##..............#####
#.............###
#.............#
#........._...#
#............##
#............#


You could see Terence, an endoplasm (wandering) and a kobold.

Vanquished Creatures
  An adder (D:2)
  A dart slug (D:1)
  A ball python (D:1)
  2 bats
  An endoplasm (D:1)
  2 goblins (D:1)
  6 hobgoblins
  7 jackals (D:1)
  5 kobolds (D:1)
  A quokka (D:1)
  A frilled lizard (D:1)
  2 rats (D:1)
30 creatures vanquished.

Notes
Turn   | Place    | Note
-------+----------+-------------------------------------------
     0 | D:1      | qw the Deep Elf Hunter began the quest for the Orb.
     0 | D:1      | Reached XP level 1. HP: 12/12 MP: 3/3
     0 | D:1      | 0 ||| qw: Version: 0.3-a-157-g843a77d
     0 | D:1      | 0 ||| qw: Game counter: 3725
     0 | D:1      | 0 ||| qw: Melee chars always use a shield: true
     0 | D:1      | 0 ||| qw: God list: Okawaru
     0 | D:1      | 0 ||| qw: Allow faded altars: false
     0 | D:1      | 0 ||| qw: Do Orc after clearing Dungeon:15 true
     0 | D:1      | 0 ||| qw: Do second Lair branch before Depths: true
     0 | D:1      | 0 ||| qw: Lair rune preference: random
     0 | D:1      | 0 ||| qw: Goals: Normal
     0 | D:1      | 0 ||| PLANNING D:1-11
   177 | D:1      | Reached XP level 2. HP: 14/16 MP: 4/4
   181 | D:1      | Reached skill level 6 in Ranged Weapons
   371 | D:1      | Found a faded altar of an unknown god.
   571 | D:1      | Reached XP level 3. HP: 20/20 MP: 5/5
   863 | D:1      | 863 ||| UPGRADING to +0 ring mail.
   873 | D:1      | 873 ||| DROPPING +0 leather armour.
   874 | D:1      | 874 ||| READING 5 scrolls labelled VAECIOROITH.
   874 | D:1      | 874 ||| IDENTIFYING fuming puce potion
   875 | D:1      | 875 ||| READING 4 scrolls of identify.
   875 | D:1      | 875 ||| IDENTIFYING scroll labelled YLOJINNI QUPHOI
   876 | D:1      | 876 ||| READING 3 scrolls of identify.
   876 | D:1      | 876 ||| IDENTIFYING scroll labelled WOTYOJ LIAKHAI
   877 | D:1      | 877 ||| READING 2 scrolls of identify.
   877 | D:1      | 877 ||| IDENTIFYING scroll labelled ICKOUFR FEFUO
   878 | D:1      | 878 ||| DROPPING scroll of butterflies.
   879 | D:1      | 879 ||| DROPPING scroll of fear.
   880 | D:1      | 880 ||| DROPPING scroll of fog.
   881 | D:1      | 881 ||| DROPPING scroll of torment.
   952 | D:2      | Reached skill level 7 in Ranged Weapons
   958 | D:2      | Found a blossoming altar of Fedhas.
   972 | D:2      | Noticed Terence
   980 | D:2      | HP: 2/20 [Terence/+0 flail (6)]
   981 | D:2      | Mangled by Terence

Levels and vault maps discovered:
D:1:      nagdon_arrival_double_spiral, layout_basic,
          chequers_ecumenical_altar_simple_redux
D:2:      layout_rooms, basic_altar, uniq_terence

Skill      XL: |  1  2  3 |
---------------+----------+-----
Ranged Weapons | 6 7 |  7.0
Fighting       | |  1.5
Dodging        | |  2.4
Stealth        | |  1.2

Action                     || total
---------------------------++-------
   Fire: Shortbow          ||    81
    Use: Scroll            ||     4
 Armour: Leather armour    ||    14
         Ring mail         ||    10
  Dodge: Dodged            ||    25

Table legend:
 A = Non-vault XP
 B = Vault XP
 C = Vault XP percentage of total XP
 D = Non-vault monster count
 E = Vault monster count
 F = Vault count percentage of total count
                 A         B        C        D         E       F
            +---------+---------+-------+---------+---------+-------
      Total |      66 |       0 |   0.0 |      30 |       0 |   0.0
            +---------+---------+-------+---------+---------+-------
        D:1 |      47 |       0 |   0.0 |      26 |       0 |   0.0
        D:2 |      19 |       0 |   0.0 |       4 |       0 |   0.0
            +---------+---------+-------+---------+---------+-------
